Map: Prion Terraces

Players

ByuN

  • Race: Terran Terran

sOs - Winner!

  • Race: Protoss Protoss

Event: IEM Season 10 - Taipei

VOD

https://www.youtube.com/watch?v=WcKfFNPz9bA

Description

Time

  • Played on: Feb. 2, 2016, 1:29 a.m.
  • Length: 9:37

All games in this series

Show
View Real Time Build Order
Export as new Build Order

ByuN Terran 

Build Orders: MMM Bio 

Get SALT Encoding   

  12  0:00  SCV  
  13  0:12  SCV  
  14  0:17  Supply Depot  
  14  0:24  SCV  
  15  0:38  SCV  
  15  0:40  Barracks  
  15  0:42  Refinery  
  16  0:50  SCV  
  17  1:03  SCV  
  18  1:15  SCV  
  19  1:26  Barracks Reactor  
  19  1:27  Orbital Command  
  19  1:38  Command Center  
  19  1:45  Supply Depot  
  19  1:52  SCV  
  20  2:02  Marine x2  
  20  2:06  Factory  
  20  2:08  SCV  
  23  2:20  Marine x2, SCV  
  26  2:32  SCV  
  27  2:38  Marine x2  
  27  2:41  Refinery  
  29  2:44  SCV  
  29  2:50  Widow Mine  
  32  2:52  Starport, Orbital Command  
  32  2:56  SCV  
  34  2:58  Marine x2  
  35  3:08  SCV  
  36  3:13  Supply Depot  
  36  3:16  Marine x2  
  38  3:20  SCV x2  
  38  3:22  Widow Mine  
  42  3:29  Medivac  
  42  3:33  SCV  
  45  3:35  Supply Depot, SCV  
  45  3:38  Marine x2  
  48  3:45  SCV  
  48  3:47  SCV  
  50  3:55  Factory Tech Lab  
  50  3:56  Marine x2  
  50  3:57  SCV  
  50  3:59  SCV  
  54  4:03  Supply Depot  
  54  4:09  SCV  
  55  4:11  SCV  
  55  4:14  Liberator, Marine x2, Siege Tank  
  61  4:21  SCV  
  61  4:24  Supply Depot, SCV  
  63  4:34  Marine x2  
  63  4:37  SCV x2  
  70  4:39  Barracks  
  70  4:40  Barracks  
  70  4:43  Engineering Bay  
  70  4:47  Refinery  
  70  4:49  SCV x2  
  70  4:52  Marine x2  
  74  4:57  Siege Tank  
  77  5:10  Marine  
  78  5:18  Marine  
  77  5:25  Starport Reactor, SCV  
  78  5:29  Barracks x2  
  78  5:30  Barracks Tech Lab x2  
  78  5:31  Supply Depot  
  78  5:32  Supply Depot, SCV  
  78  5:33  Marine  
  78  5:36  Marine  
  78  5:38  SCV  
  76  5:46  Siege Tank  
  76  5:49  Terran Infantry Weapons Level 1  
  77  5:51  Marine  
  77  5:54  Refinery, Marine  
  76  6:00  SCV  
  76  6:01  SCV  
  75  6:04  Marauder x2  
  75  6:05  Stimpack  
  75  6:09  Marine  
  80  6:11  Marine  
  80  6:12  Starport Reactor  
  79  6:20  Barracks Tech Lab  
  79  6:21  Supply Depot  
  79  6:22  Supply Depot  
  77  6:26  Marauder x2  
  77  6:27  SCV x2  
  77  6:28  Missile Turret  
  77  6:30  Marine x2  
  77  6:31  Siege Tank  
  88  6:37  Bunker  
  88  6:39  Marine x3  
  90  6:46  Marine  
  90  6:47  Marine  
  91  6:48  Medivac, Marine  
  91  6:49  Medivac  
  91  6:50  Concussive Shells  
  91  6:52  Supply Depot  
  98  6:55  Supply Depot  
  98  6:58  Marine x3  
  98  7:00  Marauder  
  103  7:05  Marauder  
  103  7:06  Marauder  
  107  7:11  Combat Shields  
  107  7:19  Siege Tank  
  107  7:20  Marine x4  
  114  7:23  Marauder  
  116  7:30  Marauder x2  
  116  7:33  Supply Depot  
  118  7:40  Marine x2  
  118  7:41  Marine  
  118  7:42  Marine  
  123  7:51  Marauder x2  
  123  7:55  Marauder  
  126  7:59  Marine x2  
  126  8:01  Supply Depot  
  126  8:02  Supply Depot, Marine  
  126  8:03  Supply Depot  
  129  8:10  Marine  
  129  8:12  Marine  
  127  8:13  Marauder  
  127  8:16  Marauder  
  127  8:19  Marine x2  
  128  8:21  Marine  
  128  8:25  SCV x2  
  125  8:27  Marine  
  125  8:30  Marauder  
  104  8:37  SCV  
  104  8:38  SCV  
  104  8:39  Marine x3  
  96  8:45  Marauder  
  91  8:49  SCV  
  91  8:54  Marine x3  
  94  8:58  Marine  
  94  9:01  Marine  
  96  9:07  SCV x2  
  98  9:10  Marine x2  
  98  9:16  Marine x2  
  100  9:19  SCV  
  100  9:21  SCV  
Show
View Real Time Build Order
Export as new Build Order

sOs Protoss - Winner!

Build Orders: 1 Gate Expand, Blink Stalkers, Zealot Archon 

Get SALT Encoding   

  12  0:00  Probe (Chrono Boost)  
  13  0:11  Probe (Chrono Boost)  
  14  0:16  Pylon  
  14  0:22  Probe (Chrono Boost)  
  15  0:35  Gateway, Probe (Chrono Boost)  
  16  0:42  Assimilator  
  16  0:45  Probe (Chrono Boost)  
  17  0:56  Probe (Chrono Boost)  
  18  1:06  Probe (Chrono Boost)  
  19  1:17  Nexus  
  19  1:21  Probe (Chrono Boost)  
  20  1:30  Cybernetics Core  
  20  1:33  Probe (Chrono Boost)  
  20  1:39  Assimilator  
  21  1:44  Probe (Chrono Boost)  
  22  1:49  Pylon  
  22  1:54  Probe (Chrono Boost)  
  23  2:06  Warp Gate  
  23  2:07  Probe (Chrono Boost), Adept  
  26  2:18  Probe (Chrono Boost)  
  27  2:28  Probe (Chrono Boost)  
  28  2:31  Probe (Chrono Boost)  
  28  2:34  Twilight Council, Sentry  
  31  2:39  Probe (Chrono Boost)  
  31  2:41  Probe (Chrono Boost)  
  33  2:49  Probe (Chrono Boost)  
  34  2:52  Forge, Probe (Chrono Boost)  
  35  3:00  Probe (Chrono Boost)  
  35  3:01  Sentry  
  35  3:03  Probe (Chrono Boost)  
  39  3:10  Probe (Chrono Boost)  
  40  3:13  Probe (Chrono Boost)  
  41  3:20  Nexus  
  41  3:21  Probe (Chrono Boost)  
  41  3:23  Blink  
  41  3:25  Probe (Chrono Boost)  
  43  3:28  Pylon  
  43  3:32  Probe (Chrono Boost)  
  44  3:38  Probe (Chrono Boost)  
  44  3:40  Assimilator x2  
  45  3:41  Protoss Ground Armor Level 1  
  45  3:42  Probe (Chrono Boost)  
  46  3:50  Gateway  
  46  3:51  Probe (Chrono Boost)  
  46  3:53  Probe (Chrono Boost)  
  49  4:02  Probe (Chrono Boost)  
  49  4:04  Mothership Core (Chrono Boost)  
  49  4:06  Gateway  
  51  4:13  Probe (Chrono Boost)  
  51  4:15  Pylon  
  51  4:16  Photon Cannon  
  52  4:18  Photon Cannon  
  52  4:24  Stalker  
  52  4:29  Robotics Facility  
  54  4:34  Pylon  
  54  4:36  Photon Cannon  
  52  4:39  Probe x2 (Chrono Boost)  
  52  4:40  Probe (Chrono Boost)  
  55  4:49  Stalker, Sentry  
  59  5:02  Probe (Chrono Boost)  
  59  5:07  Pylon  
  60  5:12  Gateway  
  60  5:14  Archon, Stalker  
  60  5:15  Gateway, Stalker x2  
  60  5:19  Gateway  
  60  5:21  Observer  
  66  5:34  Probe x2 (Chrono Boost)  
  65  5:41  Warp Prism  
  65  5:45  Protoss Ground Armor Level 2  
  65  5:48  Stalker x3  
  71  5:51  Resonating Glaives  
  71  5:55  Probe x3 (Chrono Boost)  
  74  5:59  Pylon  
  74  6:04  Pylon  
  74  6:07  Probe (Chrono Boost)  
  75  6:17  Probe (Chrono Boost)  
  75  6:18  Observer, Probe x2 (Chrono Boost)  
  75  6:20  Stalker x2  
  75  6:21  Stalker x2  
  81  6:29  Pylon, Probe x2 (Chrono Boost)  
  81  6:30  Probe (Chrono Boost)  
  84  6:36  Pylon, Nexus  
  84  6:38  Adept x2  
  88  6:43  Forge  
  88  6:45  Adept  
  88  6:47  Adept  
  92  6:49  Pylon  
  92  6:52  Sentry x2  
  96  6:57  Pylon, Probe (Chrono Boost)  
  96  6:58  Probe x2 (Chrono Boost)  
  99  7:02  Stalker  
  99  7:07  Adept x2  
  105  7:12  Gateway x2  
  104  7:17  Immortal (Chrono Boost)  
  104  7:19  Adept  
  110  7:23  Protoss Ground Weapons Level 1  
  110  7:30  Adept  
  110  7:31  Adept x3  
  118  7:42  Gateway  
  118  7:44  Gateway  
  116  7:51  Adept x2  
  116  7:52  Adept x3  
  130  7:58  Immortal (Chrono Boost)  
  130  7:59  Probe x2  
  130  8:00  Probe x2  
  130  8:03  Templar Archives  
  130  8:04  Assimilator  
  134  8:13  Assimilator  
  134  8:18  Adept x2  
  134  8:19  Adept x3  
  140  8:22  Pylon  
  140  8:24  Pylon  
  129  8:38  Adept x4  
  129  8:39  Adept x3  
  133  8:42  Adept  
  117  9:01  High Templar x2, Zealot x3  
  117  9:02  Zealot x2  
  131  9:06  Archon  
  131  9:07  Zealot  
  133  9:17  Adept  
  133  9:18  Adept  
  133  9:22  Adept x3  
  133  9:23  Pylon, Adept  
  145  9:25  Pylon  

Tags
 
Add a new tag
Caveats
  • Supply blocks, unpowered buildings, or Contaminate may cause inaccurate times.
  • Supply counts are checked every 10 seconds.